Description

fff

VOD

https://youtu.be/_0E_isPa9Ls?list=PLFeZeom2b4DnD3FIu7pzkXl51JX_WWz2h&t=4197

Replay - Gold 3 - PvP - Game 3

Build Order

Get SALT Encoding   

  12  0:01  Probe  
  13  0:13  Probe  
  14  0:19  Pylon  
  14  0:25  Probe  
  15  0:37  Probe (Chrono Boost)  
  15  0:40  Gateway  
  16  0:49  Probe (Chrono Boost), Assimilator  
  17  0:58  Probe (Chrono Boost)  
  18  1:04  Probe  
  19  1:16  Probe  
  20  1:25  Nexus  
  20  1:28  Probe  
  21  1:45  Cybernetics Core  
  21  1:48  Probe  
  21  1:49  Assimilator  
  22  1:54  Pylon  
  24  2:21  Stalker  
  24  2:22  Warp Gate  
  27  2:27  Pylon  
  32  2:53  Sentry  
  32  2:58  Robotics Facility  
  35  2:59  Gateway  
  37  3:11  Pylon  
  39  3:20  Stalker  
  43  3:36  Pylon  
  47  3:57  Nexus  
  47  4:05  Assimilator x2  
  47  4:07  Immortal  
  53  4:16  Stalker x2  
  63  4:41  Stalker x2  
  69  4:53  Immortal  
  81  5:22  Stalker x2  
  88  5:30  Twilight Council  
  88  5:31  Forge x2  
  90  5:38  Immortal  
  95  5:49  Nexus  
  95  5:56  Stalker x2  
  102  6:06  Assimilator x2  
  102  6:07  Charge  
  102  6:12  Protoss Ground Weapons Level 1 (Chrono Boost), Protoss Ground Armor Level 1 (Chrono Boost)  
  105  6:27  Zealot x2  
  105  6:29  Immortal  
  116  6:48  Gateway x2  
  116  6:55  Gateway x2  
  116  7:00  Gateway x2  
  119  7:09  Zealot x2  
  119  7:12  Immortal  
  130  7:19  Templar Archives  
  134  7:35  Nexus  
  135  7:37  Zealot x2  
  139  7:47  Assimilator x2  
  139  7:53  Immortal  
  139  7:56  High Templar x8  
  159  8:01  Archon x4  
  159  8:05  Protoss Ground Armor Level 2 (Chrono Boost), Protoss Ground Weapons Level 2 (Chrono Boost)  
  159  8:22  Gateway x2  
  159  8:32  Zealot x4  
  190  9:15  Nexus  
  190  9:34  Nexus  
  190  9:42  Robotics Facility  
Spawning Tool Build Advisor. Get it on Overwolf

Go to:

Details

  • Created by: hannahrose
  • Published on: Sep 24, 2021
  • Modified on: Sep 24, 2021
  • Patch: 4.11.0
  • Difficulty: Easy
Show
View Real Time Build Order
Export as new Build Order

Comments (0)

There are no comments. Be the first!

Create an account to comment!